 Dungeon Crawl Stone Soup version 0.28.0 (webtiles) character file.

Game seed: 17672000657758649136

52 raph the Firebug (level 3, -21/19 HPs)
             Began as a Deep Elf Fire Elementalist on Feb 18, 2022.
             Killed from afar by Ijyb (40 damage)
             ... with a bolt of acid
             ... on level 3 of the Dungeon.
             The game lasted 00:03:11 (1858 turns).

raph the Firebug (Deep Elf Fire Elementalist)       Turns: 1858, Time: 00:03:12

Health: -21/19     AC:  3    Str:  5    XL:     3   Next: 60%
Magic:  9/9        EV: 11    Int: 21    God:
Gold:   125        SH:  0    Dex: 15    Spells: 2/8 levels left

rFire   + . .      SeeInvis .   a - +2 rapier (speed)
rCold   x . .      Faith    .   (no shield)
rNeg    . . .      Spirit   .   g - +0 leather armour
rPois   .          Reflect  .   (no helmet)
rElec   .          Harm     .   (no cloak)
rCorr   .          Rampage  .   (no gloves)
Will    .....                   (no boots)
Stlth   ++........              (no amulet)
HPRegen 0.06/turn               m - ring of fire
MPRegen 0.11/turn               (no ring)

@: no status effects
A: no striking features
a: no special abilities


You were on level 3 of the Dungeon.
You visited 1 branch of the dungeon, and saw 3 of its levels.

You collected 125 gold pieces.

Inventory:

Hand Weapons
 a - a +2 rapier of speed (weapon)
 f - a +0 short sword
 k - a +0 rapier
Armour
 g - a +0 leather armour (worn)
 j - a +0 robe
Jewellery
 c - a ring of fire
 m - a ring of fire (left hand)
 n - an amulet of the acrobat
Wands
 p - a wand of paralysis (8)
Potions
 b - a potion of curing {unknown}
 d - a potion of brilliance
 e - 2 potions of attraction {unknown}
 h - a potion of invisibility {unknown}
 l - a potion of cancellation {unknown}
 o - a potion of heal wounds {unknown}


   Skills:
 * Level 0.2 Fighting
 + Level 2.5 Dodging
 + Level 2.5 Stealth
 + Level 3.0 Spellcasting
 + Level 1.2 Conjurations
 + Level 4.9 Fire Magic


You had 2 spell levels left.
You knew the following spells:

 Your Spells              Type           Power      Damage    Failure   Level
a - Foxfire               Conj/Fire      96%        2x1d8     6%          1
b - Scorch                Fire           70%        2d9       4%          2
c - Conjure Flame         Conj/Fire      24%        6-21      19%         3

Your spell library contained the following spells:

 Spells                   Type           Power      Damage    Failure   Level
 Inner Flame              Hex/Fire       20%        N/A       24%         3
 Flame Wave               Conj/Fire      24%        2d7       52%         4


Dungeon Overview and Level Annotations

Branches:
Dungeon (3/15)

Altars:

Annotations:
D:3 Ijyb


Message History

Confirm with . or Enter, or press ? or * to list all spells.
You feel a surge of power!
Flames lash the adder.
The adder is almost dead.
The adder's fire resistance burns away.
The adder bites you.
Casting: Scorch (safe; 4% risk of failure)
Confirm with . or Enter, or press ? or * to list all spells.
You feel a surge of power!
You conjure some foxfire!
The adder barely misses you.
The foxfire hits the adder!
The adder is burned terribly!
You kill the adder!
You start resting.
Your foxfire dissipates!
You start resting.
HP restored.
You start resting.
Magic restored.
e - 2 viscous silvery potions (gained 1)
A goblin comes into view. It is wielding a +0 dagger.
The goblin shouts!
Casting: Foxfire (safe; 6% risk of failure)
Confirm with . or Enter, or press ? or * to list all spells.
You feel a surge of power!
You conjure some foxfire!
Casting: Foxfire (safe; 6% risk of failure)
Confirm with . or Enter, or press ? or * to list all spells.
You feel a surge of power!
You conjure some foxfire!
The foxfire hits the goblin.
You kill the goblin!
You see here a +0 dagger.
Your foxfire dissipates!
Your foxfire dissipates! x2
Things that are here:
a +0 club; a goblin corpse
Found a ring mail.
Ijyb the Twisted Goblin comes into view.
She is wielding a +0 dagger of electrocution and carrying a wand of acid (8).
An endoplasm comes into view.
Ijyb shouts!
The endoplasm quivers.
A giant cockroach comes into view.
Ijyb zaps a wand.
The bolt of acid hits you!!!
Ouch! That really hurt!
You die...

...... # #..... .#.
#.....######...
#.##[...g.........
..... #.#
............BJ ....#
#.##. ........# .†..#
....# #.....#
....###.#.#####.@...#
...[....#.##....##..#
........#.##....#
....
........#.#.....##
....
..#####.............
...
............#.####..
#. ..........###...
.. ...)......# ####.
# ..........# #


You could see Ijyb, an endoplasm and a giant cockroach.

Vanquished Creatures
  3 adders
  A worm (D:2)
  A ball python (D:1)
  2 endoplasms
  A giant cockroach (D:1)
  3 goblins
  2 hobgoblins (D:1)
  A bat (D:3)
  A frilled lizard (D:1)
  4 kobolds
  5 rats (D:1)
24 creatures vanquished.

Vanquished Creatures (collateral kills)
  A foxfire (D:1)
1 creature vanquished.

Vanquished Creatures (others)
  72 foxfires
  A plant (D:1)
73 creatures vanquished.

Grand Total: 98 creatures vanquished

Notes
Turn   | Place    | Note
-------+----------+-------------------------------------------
     0 | D:1      | raph the Deep Elf Fire Elementalist began the quest for the
                  | Orb.
     0 | D:1      | Reached XP level 1. HP: 10/10 MP: 6/6
   469 | D:1      | Reached XP level 2. HP: 15/15 MP: 6/8
   479 | D:1      | Learned a level 2 spell: Scorch
   533 | D:1      | Reached skill level 4 in Fire Magic
   667 | D:1      | Found a faded altar of an unknown god.
  1136 | D:2      | Reached XP level 3. HP: 19/19 MP: 4/9
  1140 | D:2      | Learned a level 3 spell: Conjure Flame
  1857 | D:3      | Noticed Ijyb
  1858 | D:3      | Killed from afar by Ijyb

Illustrated notes

Levels and vault maps discovered:
D:1:      amcnicky_arrival_flooded_fountain, layout_basic,
          shapermc_ecumenical_altar_mp_ritualfount, minmay_nonomino_d4
D:2:      layout_basic
D:3:      layout_basic, serial_shops, nicolae_lakefront_shop, minmay_bisected,
          uniq_ijyb

Skill      XL: |  1  2 |
---------------+-------+-----
Fire Magic     | 4 |  4.9
Fighting       | |  0.2
Dodging        | |  2.5
Stealth        | |  2.5
Spellcasting   | |  3.0
Conjurations   | |  1.2

Action                   || total
-------------------------++-------
Melee: Unarmed           ||     3
       Short sword       ||     3
 Cast: Foxfire           ||    42
       Scorch            ||     6
  Use: Scroll            ||     3
Armor: Robe              ||     1
       Leather armour    ||     1
Dodge: Dodged            ||     6
